 Dungeon Crawl Stone Soup version 0.28.0 (webtiles) character file.

Game seed: 8346846150627672856

49 Ayihk420 the Slasher (level 3, 0/23 HPs)
             Began as a Tengu Cinder Acolyte on Feb 5, 2022.
             Was a High Priest of Ignis.
             Slain by a gnoll (9 damage)
             ... on level 2 of the Dungeon.
             The game lasted 00:10:10 (1490 turns).

Ayihk420 the Slasher (Tengu Cinder Acolyte)         Turns: 1490, Time: 00:10:11

Health: 0/23       AC:  6    Str: 14    XL:     3   Next: 75%
Magic:  5/5        EV: 11    Int: 14    God:    Ignis [*****.]
Gold:   141        SH:  0    Dex: 11    Spells: 4/4 levels left

rFire   + . .      SeeInvis .   a - -1 falchion (flame)
rCold   . . .      Faith    .   (no shield)
rNeg    . . .      Spirit   .   d - +3 leather armour
rPois   .          Reflect  .   (helmet restricted)
rElec   .          Harm     .   (no cloak)
rCorr   .          Rampage  .   (no gloves)
Will    .....                   (boots unavailable)
Stlth   +.........              (no amulet)
HPRegen 0.07/turn               f - ring of wizardry
MPRegen 0.09/turn               (no ring)

@: no status effects
A: beak, talons 3
a: Renounce Religion, Fiery Armour, Foxfire Swarm, Rising Flame


You were on level 2 of the Dungeon.
You worshipped Ignis.
Ignis was extremely pleased with you.
You visited 1 branch of the dungeon, and saw 2 of its levels.

You collected 141 gold pieces.

Inventory:

Hand Weapons
 a - a -1 falchion of flaming (weapon)
 e - a +0 hunting sling
 g - a +0 dagger
 n - a +0 mace
Missiles
 l - 2 poisoned darts (quivered)
 m - 19 stones
Armour
 b - a +0 robe
 d - a +3 leather armour (worn)
 j - a +0 leather armour
 k - a +0 helmet
Jewellery
 f - a ring of wizardry (left hand)
Potions
 c - a potion of flight {unknown}
 h - a potion of experience {unknown}
 i - a potion of magic {unknown}


   Skills:
 + Level 3.6 Fighting
 + Level 4.1 Long Blades
 + Level 0.4 Armour
 * Level 0.1 Dodging
 + Level 1.0 Spellcasting
 + Level 3.5 Fire Magic


You had 4 spell levels left.
You didn't know any spells.
Your spell library contained the following spells:

 Spells                   Type           Power      Damage    Failure   Level
 Scorch                   Fire           20%        2d6       4%          2


Dungeon Overview and Level Annotations

Branches:
Dungeon (2/15)

Altars:

Shops:
D:2 [[


Innate Abilities, Weirdness & Mutations

You have a beak for a mouth.
You have claws for feet.


Message History

The slug dart hits you but does no damage.
Found a stone staircase leading up.
The dart slug launches a dart at you. The slug dart misses you.
You hit the dart slug. You burn the dart slug.
The dart slug is moderately wounded.
You hit the dart slug. You burn the dart slug. You claw the dart slug.
You kill the dart slug!
Found Jedutub's Antique Armour Shoppe.
There is an entrance to Jedutub's Antique Armour Shoppe here.
Found a mace.
You see here a +0 mace.
n - a +0 mace You open the door.
Found a faded altar of an unknown god.
There is an open door here.
There is a faded altar of an unknown god here.
You cannot tell which god this altar belongs to.
Convert to them anyway?
Okay, then.
There is an open door here.
You open the door.
There is an open door here.
There is an open door here. 2 gnolls come into view.
The gnoll shouts! x2
A gnoll comes into view. It is wielding a +0 flail.
The gnoll hits you with a +0 flail.
There is a stone staircase leading up here.
You closely miss the gnoll. Your kick misses the gnoll. You peck the gnoll.
The gnoll is lightly wounded.
The gnoll hits you with a +0 flail.
You barely miss the gnoll. You claw the gnoll, but do no damage.
You peck the gnoll.
The gnoll is moderately wounded.
The gnoll hits you with a +0 flail.
You slash the gnoll! You burn the gnoll.
You kill the gnoll!
Your Long Blades skill increases to level 4!
You hit the gnoll but do no damage. The gnoll hits you with a +0 flail!
You die...

♣♣♣♣♣♣♣....#
♣♣.P♣♣......#
♣.P..♣.♣....#
##♣.♣♣...♣....#
#...♣♣P.♣♣....#
####.♣♣♣♣♣♣♣.....#
#.....g..........# ##
#.##^#g#.<.......##...#
#.##.#@#..............♣
#.##.#.#######.######..
#.##.#.##88.#..#.#..#
#.##.#..#...#..#.'..#
#.##.#.###'##..#.#..#
#.##.#..#......#_#..#
#.##.#..#...#..###..#
#.##.##.#####......###
####.##.####...#...###..#


You could see 2 gnolls.

Vanquished Creatures
  A gnoll (D:2)
  A dart slug (D:2)
  3 endoplasms
  2 giant cockroaches
  10 goblins
  7 hobgoblins
  A ball python (D:1)
  2 bats (D:2)
  3 frilled lizards
  3 rats
  4 bushes (D:2)
37 creatures vanquished.

Vanquished Creatures (others)
  5 plants (D:2)
5 creatures vanquished.

Grand Total: 42 creatures vanquished

Notes
Turn   | Place    | Note
-------+----------+-------------------------------------------
     0 | D:1      | Ayihk420 the Tengu Cinder Acolyte began the quest for the
                  | Orb.
     0 | D:1      | Reached XP level 1. HP: 14/14 MP: 3/3
   391 | D:1      | Reached XP level 2. HP: 19/19 MP: 4/4
  1217 | D:2      | Found Korumied's Antique Armour Shoppe.
  1252 | D:2      | Reached XP level 3. HP: 23/23 MP: 5/5
  1396 | D:2      | Found Jedutub's Antique Armour Shoppe.
  1446 | D:2      | Found a faded altar of an unknown god.
  1490 | D:2      | Reached skill level 4 in Long Blades
  1490 | D:2      | Slain by a gnoll

Illustrated notes

Levels and vault maps discovered:
D:1:      mrwooster_arrival_statue_3, layout_basic
D:2:      cheibrodos_greedy_goblins, layout_basic, serial_shops, shop, shop,
          nicolae_shop_behind_doors, nicolae_shop_overgrown_old_shop, shop,
          basic_altar, serial_forest, infiniplex_forest_zigzag_2,
          infiniplex_forest_lined_room_2, infiniplex_forest_join,
          infiniplex_forest_pool, infiniplex_forest_diagonal,
          infiniplex_forest_zigzag_2, infiniplex_forest_lined_corner,
          shapermc_ecumenical_altar_mp_vishouse, palyth_stone_intersect,
          st_stairs_10, uniq_jessica

Skill      XL: |  1  2  3 |
---------------+----------+-----
Long Blades    | 4 |  4.1
Fighting       | |  3.6
Armour         | |  0.4
Dodging        | |  0.1
Spellcasting   | |  1.0
Fire Magic     | |  3.5

Action                   || total
-------------------------++-------
Melee: Falchion          ||   344
       Kick              ||   159
       Peck              ||   108
       Punch             ||     9
Armor: Leather armour    ||    26
Dodge: Dodged            ||    37
